 Dungeon Crawl Stone Soup version 0.26-a0-858-gbf766624f9 (webtiles) character file.

Game seed: 1462750138093427805

188 marklar909 the Slinger (level 6, 0/41 HPs)
             Began as a Halfling Hunter on Nov 24, 2020.
             Succumbed to Sigmund's poison
             ... on level 2 of the Dungeon.
             The game lasted 00:02:34 (974 turns).

marklar909 the Slinger (Halfling Hunter)             Turns: 974, Time: 00:02:35

Health: 0/41       AC:  6    Str: 15    XL:     6   Next: 0%
Magic:  6/6        EV: 14    Int:  9    God:
Gold:   107        SH:  0    Dex: 15    Spells: 5/5 levels left

rFire    . . .     SeeInvis .   b - +0 short sword
rCold    . . .     Faith    .   (shield restricted)
rNeg     . . .     Spirit   .   e - +0 ring mail
rPois    .         Reflect  .   n - +1 hat
rElec    .         Harm     .   (no cloak)
rCorr    .         Rampage  .   (no gloves)
MR       .....                  (no boots)
Stlth    +.........             (no amulet)
HPRegen  0.13/turn              (no ring)
MPRegen  0.10/turn              (no ring)

@: lethally poisoned (0 -> -2), berserk cooldown, hasted and slowed
A: small, mutation resistance 1
a: no special abilities


You were on level 2 of the Dungeon.
You visited 1 branch of the dungeon, and saw 2 of its levels.

You collected 107 gold pieces.

Inventory:

Hand Weapons
 a - a +1 hunting sling
 b - a +0 short sword (weapon)
Missiles
 d - 2 sling bullets
 f - 24 stones (quivered)
Armour
 e - a +0 ring mail (worn)
 n - a +1 hat (worn)
Scrolls
 g - a scroll of magic mapping {unknown}
 h - a scroll of enchant armour {unknown}
 i - 3 scrolls of identify {unknown}
 k - a scroll of immolation {unknown}
 m - a scroll of fear {unknown}


   Skills:
 + Level 2.7 Fighting
 + Level 8.6 Slings
 + Level 1.0 Armour
 + Level 2.5 Dodging
 + Level 1.6 Stealth


You had 5 spell levels left.
You didn't know any spells.
Your spell library was empty.

Dungeon Overview and Level Annotations

Branches:
Dungeon (2/15)

Altars:


Innate Abilities, Weirdness & Mutations

You are small and have problems with some larger weapons.
You are somewhat resistant to further mutation.


Message History

There is a lethal amount of poison in your body!
* * * LOW HITPOINT WARNING * * *
You feel sick.
It was a potion of haste.
You feel yourself speed up.
* * * LOW HITPOINT WARNING * * *
You feel sick.
Okay, then.
Unknown command.
You aren't carrying any potions.
You aren't carrying any potions.
Unknown command.
Drop what? 11/52 slots (_ for help) (? for menu, Esc to quit)
Okay, then.
* * * LOW HITPOINT WARNING * * *
You feel sick.
You see here a stone.
* * * LOW HITPOINT WARNING * * *
You feel sick.
Unknown command.
You die...

.# ##### .# ..... .#
#(#.. .### #(#..?. ...
#.....####.# #
#.##......# ### #.
##.#..@..####(##
#..#.##.......(...#######
#...............()(...#
#.#.#.###.###...#####.#
#.#...# #.# ##(## #.##..#
#.# #.# #( #..# #.# #.#
#. #..# #.# #.# #. #..#
#.# #.#


There were no monsters in sight!

Vanquished Creatures
  Sigmund (D:2)
  A dart slug (D:1)
  A leopard gecko (D:1)
  2 giant cockroaches
  3 goblins
  3 hobgoblins
  3 bats (D:1)
  A frilled lizard (D:1)
  5 kobolds (D:1)
  4 rats
24 creatures vanquished.

Notes
Turn   | Place    | Note
-------+----------+-------------------------------------------
     0 | D:1      | marklar909 the Halfling Hunter began the quest for the Orb.
     0 | D:1      | Reached XP level 1. HP: 14/14 MP: 1/1
    78 | D:1      | Reached skill level 6 in Slings
   155 | D:1      | Reached XP level 2. HP: 19/19 MP: 2/2
   543 | D:1      | Reached XP level 3. HP: 24/24 MP: 3/3
   936 | D:2      | Noticed Sigmund
   959 | D:2      | Killed Sigmund
   960 | D:2      | Reached skill level 8 in Slings
   960 | D:2      | Reached skill level 1 in Armour
   960 | D:2      | Reached XP level 4. HP: 4/30 MP: 4/4
   960 | D:2      | Reached XP level 5. HP: 5/35 MP: 5/5
   960 | D:2      | Reached XP level 6. HP: 6/41 MP: 6/6
   965 | D:2      | HP: 2/41 [poisoned by Sigmund]
   970 | D:2      | HP: 1/41 [poisoned by Sigmund]
   974 | D:2      | Succumbed to Sigmund's poison

Illustrated notes

Levels and vault maps discovered:
D:1:      minmay_arrival_four_houses, layout_basic, minmay_quantized
D:2:      layout_loops_ring, lemuel_blue_sif_altar,
          gammafunk_temple_overflow_elements, uniq_sigmund

Skill      XL: |  1  2  3 |
---------------+----------+-----
Slings         | 6 8 |  8.6
Fighting       | 2 |  2.7
Armour         | 1 |  1.0
Dodging        | |  2.5
Stealth        | |  1.6

Action                   |  1- 3 |  4- 6 || total
-------------------------+-------+-------++-------
Melee: Short sword       |     1 |       ||     1
 Fire: Hunting sling     |    73 |       ||    73
  Use: Potion            |     1 |     1 ||     2
Armor: Leather armour    |     2 |       ||     2
       Ring mail         |     3 |       ||     3
Dodge: Dodged            |    16 |       ||    16

Table legend: (Time is in decaauts)
 A = Elapsed time spent in this place.
 B = Non-inter-level travel time spent in this place.
 C = Inter-level travel time spent in this place.
 D = Time resting spent in this place.
 E = Time spent auto-exploring this place.
 F = Levels seen in this place.
 G = Mean time per level.
                   A        B        C        D        E       F      G
               +--------+--------+--------+--------+--------+-----+--------+
         Total |    964 |    914 |     50 |      0 |    753 |   2 |  482.0 |
       Dungeon |    964 |    914 |     50 |      0 |    753 |   2 |  482.0 |
               +--------+--------+--------+--------+--------+-----+--------+

Top non-repeatable levels by time:
     D:1: 812 daAuts
     D:2: 151 daAuts
